 Dungeon Crawl Stone Soup version 0.31.0-32-g396128a36d (webtiles) character file.

Game seed: 5420654954102990652

1658 KittyFluff the Changeling (level 8, -6/78 HPs)
             Began as a Troll Shapeshifter on Apr 11, 2024.
             Was an Initiate of Trog.
             Mangled by a gnoll sergeant
             ... wielding a +0 trident
              (8 damage)
             ... on level 6 of the Dungeon.
             The game lasted 00:19:27 (3933 turns).

KittyFluff the Changeling (Troll Shapeshifter)      Turns: 3933, Time: 00:19:27

Health: -6/78      AC:  4    Str: 25    XL:     8   Next: 68%
Magic:  7/7        EV: 10    Int:  6    God:    Trog [......]
Gold:   287        SH:  0    Dex:  9    Spells: 7/7 levels left

rFire   . .          .
                       - Unarmed
rCold   . . .        (no shield)
rNeg    . . .        e - +0 robe
rPois   .            (helmet currently unavailable)
rElec   .            (cloak currently unavailable)
rCorr   .            (gloves unavailable)
SInv    .            (boots unavailable)
Will    .....        u - amulet of regeneration
Stlth   +            m - +4 ring of slaying
HPRegen 1.93/turn    (no ring)
MPRegen 0.10/turn

%: no passive effects
@: beast-form
A: beast (slay +3), large, unfitting armour, claws 3, regeneration 1, shaggy fur
1, tough skin 1
a: Begin Untransformation, Renounce Religion


You were on level 6 of the Dungeon.
You worshipped Trog.
Trog was noncommittal.
You were a hulking beast.
You visited 1 branch of the dungeon, and saw 7 of its levels.

You collected 287 gold pieces.

Inventory:

Hand Weapons
 g - a +3 flail
 p - a +6 dagger of draining
 v - a +0 sling
 y - a +1 whip of freezing
 A - a +2 halberd of flaming
 C - a +2 heavy spear
Missiles
 h - 42 stones (quivered)
 l - 6 boomerangs
 s - 7 poisoned darts
 D - 4 large rocks
Armour
 e - a +0 robe (worn)
 t - the +1 robe of Nihilism {Harm Str+3 Int+6 Dex-5}
   (You found it on level 3 of the Dungeon)

   Str+3:     It affects your strength (+3).
   Int+6:     It affects your intelligence (+6).
   Dex-5:     It affects your dexterity (-5).
   Harm:      It increases damage dealt and taken.
Jewellery
 m - a +4 ring of slaying (left claw)
 u - an amulet of regeneration (around neck)
 z - a ring of ice
Talismans
 c - a beast talisman
 d - a flux talisman
Wands
 o - a wand of flame (8)
Scrolls
 a - 2 scrolls of noise
 i - 3 scrolls of revelation
 j - 2 scrolls of vulnerability
 n - 2 scrolls of immolation
 r - 3 scrolls of teleportation {unknown}
 x - a scroll of enchant weapon
 B - a scroll of enchant armour
Potions
 b - a potion of lignification
 f - a potion of heal wounds
 k - 2 potions of mutation {unknown}
 q - a potion of invisibility {unknown}
 w - a potion of curing {unknown}


   Skills:
 + Level 3.8 Fighting
 + Level 3.7 Throwing
 + Level 3.8 Dodging
 + Level 5.3 Unarmed Combat
 * Level 6.7 Shapeshifting


You had 7 spell levels left.
You didn't know any spells.
Your spell library was empty.

Dungeon Overview and Level Annotations

Branches:
Dungeon (7/15)             Temple (0/1) D:7

Altars:
Ashenzari
Cheibriados
Dithmenos
Elyvilon
Fedhas
Sif Muna
Trog
Wu Jian
Yredelemnul

Annotations:
D:5 2 transporters


Innate Abilities, Weirdness & Mutations

You are a hulking beast.
Your limbs bulge with bestial killing power. (Slay +3)
You are too large for most types of armour.
You have claws for hands.
Your natural rate of healing is unusually fast.
You are covered in fur. (AC +1)
You have tough skin. (AC +1)


Message History

The gnoll hits you from afar with a +0 spear.
The gnoll sergeant closely misses you. Edmund misses you.
You scratch Edmund.
Edmund is heavily wounded.
The gnoll barely misses you.
Edmund says, "What use are spells, anyway?"
Edmund barely misses you. The gnoll sergeant closely misses you.
You claw Edmund!
Edmund is severely wounded.
The gnoll barely misses you. Edmund closely misses you.
The gnoll sergeant barely misses you.
You claw Edmund!
Edmund is almost dead.
The gnoll hits you from afar with a +0 spear.
Edmund hits you with a +0 flail of protection.
The gnoll sergeant barely misses you.
You mangle Edmund!!
You kill Edmund!
Trog accepts your kill.
The gnoll hits you from afar with a +0 spear!
* * * LOW HITPOINT WARNING * * *
The gnoll sergeant hits you from afar with a +0 trident!
* * * LOW HITPOINT WARNING * * *
Okay, then.
The gnoll misses you.
The gnoll sergeant hits you with a +0 trident!
* * * LOW HITPOINT WARNING * * *
Things that are here:
a +0 flail of protection; a +0 chain mail; the human corpse of Edmund You scratch the gnoll sergeant.
The gnoll sergeant is moderately wounded.
The gnoll hits you with a +0 spear.
* * * LOW HITPOINT WARNING * * *
The gnoll sergeant barely misses you.
You scratch the gnoll sergeant but do no damage.
The gnoll sergeant is moderately wounded.
The gnoll hits you with a +0 spear.
* * * LOW HITPOINT WARNING * * *
The gnoll sergeant hits you with a +0 trident!
You die...

#######..
#........
#........
#........
##........
#.........
##..g......
#..hg.?....
#..).......
#..).......
#..###.#.##
#..# .# #
#..# # #..#
#..# #..#
###########


You could see a gnoll sergeant and a gnoll.

Vanquished Creatures
  Pikel (D:4)
  Edmund (D:6)
  A water moccasin (D:4)
  An ice beast (D:5)
  A sky beast (D:4)
  A lemure (D:4)
  2 phantoms
  The ghost of Seabass1289 the Conjurer, an amateur TeCj (D:4)
  A bullfrog (D:7)
  A scorpion (D:4)
  An orc priest (D:4)
  3 hounds
  A gnoll bouda (D:6)
  An iguana (D:5)
  Jessica (D:2)
  Terence (D:2)
  An orc wizard (D:4)
  Robin (D:4)
  7 gnolls (D:6)
  4 adders
  A white imp (D:7)
  2 ribbon worms
  A dart slug (D:5)
  10 orcs
  5 bats
  3 endoplasms
  3 giant cockroaches
  12 hobgoblins
  6 quokkas
  6 ball pythons
  A frilled lizard (D:2)
  10 goblins
  11 kobolds
  7 rats
110 creatures vanquished.

Notes
Turn   | Place    | Note
-------+----------+-------------------------------------------
     0 | D:1      | KittyFluff the Troll Shapeshifter began the quest for the
                  | Orb.
     0 | D:1      | Reached XP level 1. HP: 18/18 MP: 0/0
   149 | D:1      | Reached skill level 1 in Fighting
   153 | D:1      | Reached XP level 2. HP: 27/27 MP: 1/1
   155 | D:1      | Found a faded altar of an unknown god.
   571 | D:2      | Noticed Terence
   574 | D:2      | Killed Terence
   575 | D:2      | Reached XP level 3. HP: 24/33 MP: 2/2
   871 | D:2      | Noticed Jessica
   881 | D:2      | Killed Jessica
   882 | D:2      | Reached XP level 4. HP: 12/41 MP: 3/3
  1169 | D:3      | Identified the +2 pair of gloves of Resourcefulness {rPois}
  1224 | D:3      | Reached skill level 1 in Throwing
  1225 | D:3      | Identified the +1 robe of Nihilism {Harm Str+3 Int+6 Dex-5}
  1841 | D:4      | Noticed Robin
  1900 | D:4      | Killed Robin
  1901 | D:4      | Reached skill level 4 in Shapeshifting
  1964 | D:4      | Noticed a scorpion
  1976 | D:4      | Killed a scorpion
  1977 | D:4      | Reached XP level 5. HP: 49/49 MP: 4/4
  2130 | D:4      | Found a runed translucent door.
  2132 | D:4      | Noticed Seabass1289's ghost (amateur TeCj)
  2132 | D:4      | Noticed a sky beast
  2180 | D:4      | Killed Seabass1289's ghost
  2181 | D:4      | Reached XP level 6. HP: 29/57 MP: 5/5
  2184 | D:4      | Killed a sky beast
  2388 | D:4      | Found a blossoming altar of Fedhas.
  2388 | D:4      | Found a shadowy altar of Dithmenos.
  2388 | D:4      | Found a shimmering blue altar of Sif Muna.
  2388 | D:4      | Noticed Pikel
  2389 | D:4      | Noticed a water moccasin
  2403 | D:4      | Killed Pikel
  2404 | D:4      | Reached skill level 5 in Shapeshifting
  2404 | D:4      | Reached XP level 7. HP: 64/67 MP: 6/6
  2869 | D:4      | Reached XP level 8. HP: 75/75 MP: 7/7
  2972 | D:5      | Entered Level 5 of the Dungeon
  2972 | D:5      | Found a bloodstained altar of Trog.
  3009 | D:5      | Became a worshipper of Trog the Wrathful
  3037 | D:5      | Reached skill level 6 in Shapeshifting
  3133 | D:5      | Reached skill level 5 in Unarmed Combat
  3161 | D:5      | Found a transporter.
  3161 | D:5      | Found a broken altar of Ashenzari.
  3183 | D:5      | Found a transporter.
  3418 | D:5      | Found a white marble altar of Elyvilon.
  3472 | D:5      | Found a basalt altar of Yredelemnul.
  3572 | D:6      | You fall into a shaft and drop 1 floor!
  3621 | D:7      | Found a snail-covered altar of Cheibriados.
  3748 | D:7      | Found a staircase to the Ecumenical Temple.
  3828 | D:6      | Found an ornate altar of the Wu Jian Council.
  3916 | D:6      | Noticed Edmund
  3930 | D:6      | Killed Edmund
  3933 | D:6      | HP: 2/78 [gnoll/+0 spear[a gnoll sergeant] (4)]
  3933 | D:6      | Mangled by a gnoll sergeant

Illustrated notes

Levels and vault maps discovered:
D:1:      dpeg_arrival_shrine, layout_basic,
          shapermc_ecumenical_altar_starsandcircs
D:2:      layout_rooms, grunt_decor_arrowhead, uniq_terence, uniq_jessica
D:3:      minmay_door_path, layout_basic
D:4:      layout_loops_corners, gammafunk_temple_overflow_forgotten,
          ebering_ghost_inner_flame, uniq_robin, uniq_pikel
D:5:      layout_cave_pools, kennysheep_ying_yang, overflow_temple_1_default,
          gammafunk_temple_overflow_arena, solitary_fountain
D:6:      layout_basic, overflow_temple_1_default, xom_teletrap_fun,
          general_overflow_altar, nicolae_evil_shop, uniq_grinder, uniq_edmund
D:7:      layout_loops_corners, slow_altar_1, temple_pool_b

Skill      XL: |  1  2  3  4  5  6  7  8 |
---------------+-------------------------+-----
Fighting       | 1 2 3 |  3.8
Dodging        | 2 3 |  3.8
Throwing       | 1 2 3 |  3.7
Shapeshifting  | 4 5 6 |  6.7
Unarmed Combat | 4 5 |  5.3

Action                     |  1- 3 |  4- 6 |  7- 9 || total
---------------------------+-------+-------+-------++-------
  Melee: Unarmed           |    48 |    98 |    93 ||   239
         Punch             |     2 |       |     5 ||     7
  Throw: Stone             |     3 |     4 |       ||     7
    Use: Scroll            |     1 |     4 |     3 ||     8
 Armour: Robe              |    31 |    58 |    71 ||   160
  Dodge: Dodged            |    10 |    35 |    56 ||   101
